 Seeded DCSS version 0.29.1-12-g30fa7ad0bf (webtiles) character file.

Game seed: 8067774122993711936 (custom seed)

17530 kingsuperguy the Bludgeoner (level 12, 0/168 HPs)
             Began as a Minotaur Berserker on Dec 17, 2022.
             Was a High Priest of Trog.
             Slain by an enormous slime creature (64 damage)
             ... on level 12 of the Dungeon.
             The game lasted 00:17:56 (14026 turns).

kingsuperguy the Bludgeoner (Minotaur Berserker)   Turns: 14026, Time: 00:17:57

Health: 0/168      AC: 27    Str: 33    XL:     12   Next: 19%
Magic:  11/11      EV:  9    Int:  1    God:    Trog [*****.]
Gold:   494        SH:  0    Dex: 10    Spells: 11/11 levels left

rFire   + . .      SeeInvis .   E - +0 dire flail
rCold   + . .      Faith    .   (shield currently unavailable)
rNeg    . . .      Spirit   .   C - +4 crystal plate armour
rPois   .          Reflect  .   (helmet restricted)
rElec   .          Harm     .   (no cloak)
rCorr   .          Rampage  .   G - +0 pair of gloves
Will    .....      Rage     3%  (no boots)
Stlth   ..........              v - amulet of Boguxt {RegenMP rC+ Str+2 Int-5}
HPRegen 0.38/turn               k - +6 ring of strength
MPRegen 0.52/turn               A - ring of protection from fire

@: berserking, very quick
A: horns 2, retaliatory headbutt, berserk 1, sturdy frame 1
a: Renounce Religion, Berserk, Trog's Hand, Brothers in Arms


You were on level 12 of the Dungeon.
You worshipped Trog.
Trog was extremely pleased with you.
You visited 2 branches of the dungeon, and saw 13 of its levels.
You also visited: Ossuary.

You collected 729 gold pieces.
You spent 235 gold pieces at shops.

Inventory:

Hand Weapons
 a - a +0 mace
 l - a +0 flail
 m - a +0 flail of draining
 E - a +0 dire flail (weapon)
Missiles
 H - 4 atropa-tipped darts (quivered)
Armour
 b - a +0 animal skin
 c - a +0 ring mail
 i - a +2 leather armour of cold resistance
 C - a +4 crystal plate armour (worn)
 G - a +0 pair of gloves (worn)
 O - a +0 scale mail of cold resistance
Jewellery
 h - a ring of resist corrosion
 j - an amulet of magic regeneration
 k - a +6 ring of strength (left hand)
 v - the amulet of Boguxt (around neck) {RegenMP rC+ Str+2 Int-5}
   (You found it on level 4 of the Dungeon)

   [amulet of magic regeneration]

   It increases your rate of magic regeneration.
   Str:       It affects your strength (+2).
   Int:       It affects your intelligence (-5).
   rC:        It protects you from cold.
 A - a ring of protection from fire (right hand)
 V - a ring of willpower
Wands
 e - a wand of iceblast (7)
 J - a wand of paralysis (17)
 K - a wand of flame (11)
 Q - a wand of quicksilver (7)
Scrolls
 s - 2 scrolls of poison
 u - 4 scrolls of noise
 y - 2 scrolls of blinking
 z - 3 scrolls of teleportation
 B - a scroll of magic mapping {unknown}
 D - a scroll of immolation
 F - a scroll of fear {unknown}
 M - a scroll of vulnerability {unknown}
 N - 3 scrolls of amnesia
 P - 2 scrolls of brand weapon
 S - 2 scrolls of silence {unknown}
 W - a scroll of summoning {unknown}
 X - 2 scrolls of fog {unknown}
Potions
 d - a potion of invisibility {unknown}
 f - 3 potions of magic
 g - 2 potions of brilliance {unknown}
 n - a potion of might
 o - 3 potions of haste {unknown}
 p - 3 potions of degeneration {unknown}
 q - 3 potions of cancellation {unknown}
 r - 6 potions of heal wounds {unknown}
 t - 6 potions of curing
 w - 3 potions of attraction {unknown}
 x - 3 potions of berserk rage
 I - a potion of lignification
 L - a potion of ambrosia {unknown}
 T - a potion of mutation
 U - a potion of flight {unknown}


   Skills:
 + Level 12.1 Fighting
 + Level 16.2 Maces & Flails
 + Level 12.9 Armour
 + Level 4.8 Dodging
 + Level 1.4 Stealth
 + Level 0.1 Evocations


You had 11 spell levels left.
You didn't know any spells.
Your spell library was empty.

Dungeon Overview and Level Annotations

Branches:
Dungeon (12/15)            Temple (0/1) D:5            Lair (1/5) D:10
    Orc (0/2) D:10        Ossuary (visited)

Altars:
Ashenzari
Dithmenos
Elyvilon
Fedhas
Gozag
Makhleb
Nemelex Xobeh
Qazlal
Ru
Sif Muna
Wu Jian
Yredelemnul
The Shining One
Lugonu

Shops:
D:1 [   D:2 (   D:3 !   D:4 :   D:7 =   D:9 *   D:10 ([

Annotations:
D:7 1 transporter
D:9 1 runed translucent door, exclusion: obsidian statue, Radix's ghost, journeyman GrFi
D:10 2 transporters
Lair:1 1 runed translucent door, cowcol's ghost, novice DrBe


Innate Abilities, Weirdness & Mutations

You have a pair of horns on your head.
You reflexively headbutt those who attack you in melee.
You sometimes lose your temper in combat.
Your movements are slightly less encumbered by armour. (ER -2)


Message History

The slime creature hits you but does no damage.
You hear an angry buzzing noise.
You impale the very large slime creature!!
The very large slime creature is heavily wounded.
You puncture the very large slime creature!
You headbutt the very large slime creature.
The very large slime creature is heavily wounded.
The very large slime creature hits you but does no damage.
The slime creature hits you but does no damage.
Two slime creatures merge to form an enormous slime creature.
You sock the enormous slime creature!
You headbutt the enormous slime creature!
The enormous slime creature is heavily wounded.
You impale the enormous slime creature!!
Your headbutt misses the enormous slime creature.
The enormous slime creature is heavily wounded.
The slime creature hits you but does no damage.
You barely miss the enormous slime creature.
Your headbutt misses the enormous slime creature.
The enormous slime creature is heavily wounded.
The slime creature hits you but does no damage.
A red film seems to cover your vision as you go berserk!
You feel yourself moving faster!
You feel mighty! The enormous slime creature hits you!
The slime creature hits you!
You impale the enormous slime creature!!
The enormous slime creature is severely wounded.
You barely miss the enormous slime creature.
You headbutt the enormous slime creature!
The enormous slime creature is severely wounded.
You barely miss the enormous slime creature.
The enormous slime creature is severely wounded.
The enormous slime creature hits you but does no damage.
The slime creature hits you but does no damage.
You pound the enormous slime creature like an anvil!!!
The enormous slime creature is almost dead.
You hit the enormous slime creature.
You headbutt the enormous slime creature!
The enormous slime creature is almost dead.
The slime creature barely misses you. The enormous slime creature hits you!!!
You die...

#............
#............
............ ...........
.......... .........
#JJ...... #@# #.# #.#
#.# #######.#
........################
.........)..............
..############..........
#..########


You could see an enormous slime creature and a slime creature.

Vanquished Creatures
  A boulder beetle (D:11)
  Erolcha (D:11)
  A hydra (Lair:1)
  5 death yaks
  3 two-headed ogres
  2 cyclopes (D:11)
  3 cane toads (Lair:1)
  A torpor snail (Lair:1)
  An unseen horror (D:10)
  2 komodo dragons
  2 trolls
  A vampire (D:10)
  2 shadows
  2 wraiths (D:10)
  A wyvern (D:7)
  16 yaks
  3 vampire mosquitoes (D:10)
  A steam dragon (D:6)
  An acid dragon (D:10)
  Duvessa (D:5)
  2 water moccasins (Lair:1)
  2 sky beasts
  4 orc warriors (D:6)
  2 black bears (D:6)
  3 wolves (Lair:1)
  3 centaurs
  A phantom (D:5)
  3 kobold brigands
  3 gnoll sergeants
  2 necrophages
  2 bullfrogs
  2 scorpions (D:5)
  3 wights (D:8)
  Dowan (D:5)
  3 killer bees (D:7)
  3 centaur zombies (Ossuary)
  A human zombie (Ossuary)
  3 hounds
  3 gnoll boudas
  9 orc priests
  13 orc wizards
  5 iguanas
  A hell rat (D:10)
  2 mummies (Ossuary)
  17 gnolls
  6 adders
  A river rat (D:10)
  A shadow imp (D:5)
  3 white imps
  An adder zombie (Ossuary)
  3 dart slugs
  38 orcs
  2 bats
  8 endoplasms
  4 giant cockroaches
  8 goblins
  6 hobgoblins
  4 jackals (D:2)
  A quokka (D:1)
  8 ball pythons
  6 frilled lizards
  A goblin zombie (Ossuary)
  8 hobgoblin zombies (Ossuary)
  2 jackal zombies (Ossuary)
  20 kobolds
  11 kobold zombies (Ossuary)
  8 orc zombies (Ossuary)
  7 rats
  2 rat zombies (Ossuary)
302 creatures vanquished.

Vanquished Creatures (others)
  3 fungi
  5 plants (D:9)
8 creatures vanquished.

Grand Total: 310 creatures vanquished

Notes
Turn   | Place    | Note
-------+----------+-------------------------------------------
     0 | D:1      | kingsuperguy the Minotaur Berserker began the quest for the
                  | Orb.
     0 | D:1      | Reached XP level 1. HP: 19/19 MP: 0/0
   131 | D:1      | Found Woicy's Armour Shop.
   303 | D:1      | Reached XP level 2. HP: 27/27 MP: 1/1
   387 | D:1      | Reached skill level 4 in Maces & Flails
  1106 | D:1      | Found a faded altar of an unknown god.
  1327 | D:2      | Reached ** piety under Trog
  1364 | D:2      | Reached XP level 3. HP: 29/33 MP: 2/2
  1669 | D:2      | Reached XP level 4. HP: 20/40 MP: 3/3
  1889 | D:2      | Found Nuobymm's Weapon Emporium.
  1994 | D:2      | Noticed a necrophage
  1999 | D:2      | Killed a necrophage
  2005 | D:2      | Reached XP level 5. HP: 46/47 MP: 4/4
  2304 | D:2      | Reached skill level 5 in Maces & Flails
  3039 | D:3      | Found Corcheubo's Distillery.
  3067 | D:3      | Reached skill level 6 in Maces & Flails
  3131 | D:3      | Bought a potion of mutation for 104 gold pieces
  3131 | D:3      | Bought a potion of curing for 39 gold pieces
  3185 | D:3      | Gained mutation: You possess an exceptional clarity of
                  | mind. [potion of mutation]
  3185 | D:3      | Gained mutation: You have hidden genetic potential. [potion
                  | of mutation]
  3226 | D:3      | Found Nyuxt's Magic Scroll Emporium.
  3380 | D:4      | Reached *** piety under Trog
  3383 | D:4      | Identified the amulet of Boguxt {RegenMP rC+ Str+2 Int-5}
  3393 | D:4      | Reached skill level 5 in Fighting
  3393 | D:4      | Reached XP level 6. HP: 54/56 MP: 5/5
  3520 | D:4      | Found Kofachub's Tremendous Tomes.
  3611 | D:4      | Gained mutation: You are strong-willed. (Will+) [hidden
                  | potential]
  3925 | D:4      | Found an ornate altar of the Wu Jian Council.
  3926 | D:4      | Found a shimmering blue altar of Sif Muna.
  4006 | D:5      | Entered Level 5 of the Dungeon
  4037 | D:5      | Noticed Duvessa
  4037 | D:5      | Noticed Dowan
  4045 | D:5      | Killed Duvessa
  4046 | D:5      | Reached skill level 7 in Maces & Flails
  4046 | D:5      | Reached XP level 7. HP: 26/61 MP: 6/6
  4054 | D:5      | Killed Dowan
  4055 | D:5      | Reached skill level 5 in Armour
  4062 | D:5      | Gained mutation: You have sharp toenails. [hidden
                  | potential]
  4062 | D:5      | Lost mutation: You have hidden genetic potential. [hidden
                  | potential expressed]
  4673 | D:5      | Found a shadowy altar of Dithmenos.
  4834 | D:5      | Reached skill level 8 in Maces & Flails
  4868 | D:5      | Reached skill level 1 in Stealth
  5083 | D:5      | Reached XP level 8. HP: 60/70 MP: 7/7
  5154 | D:5      | Found a staircase to the Ecumenical Temple.
  5514 | D:6      | Reached **** piety under Trog
  5515 | D:6      | Reached skill level 9 in Maces & Flails
  5527 | D:6      | Found a white marble altar of Elyvilon.
  6052 | D:6      | Reached XP level 9. HP: 75/79 MP: 8/8
  6388 | D:6      | Reached skill level 10 in Maces & Flails
  6668 | D:7      | Noticed an ancient zyme
  6676 | D:7      | Found Posuph's One-of-a-Kind Rings.
  6711 | D:7      | Found a transporter.
  6740 | D:7      | Lost mutation: You possess an exceptional clarity of mind.
                  | [potion of mutation]
  6740 | D:7      | Lost mutation: You have sharp toenails. [potion of
                  | mutation]
  6740 | D:7      | Lost mutation: You are strong-willed. (Will+) [potion of
                  | mutation]
  6740 | D:7      | Gained mutation: Your magical capacity is low. (-10% MP)
                  | [potion of mutation]
  6740 | D:7      | Gained mutation: You have large cloven feet. [potion of
                  | mutation]
  6740 | D:7      | Lost intelligence.
  6740 | D:7      | Gained mutation: You are agile. (Dex +4, Str/Int -1)
                  | [potion of mutation]
  6744 | D:7      | Lost mutation: You are agile. (Dex +4, Str/Int -1) [potion
                  | of mutation]
  6744 | D:7      | Lost mutation: You have large cloven feet. [potion of
                  | mutation]
  6744 | D:7      | Lost mutation: Your magical capacity is low. (-10% MP)
                  | [potion of mutation]
  6744 | D:7      | Gained mutation: You are covered in fur. (AC +1) [potion of
                  | mutation]
  6858 | D:7      | Lost mutation: You are covered in fur. (AC +1) [potion of
                  | mutation]
  6858 | D:7      | Gained mutation: You occasionally lose the ability to read
                  | scrolls when taking damage. [potion of mutation]
  6858 | D:7      | Gained mutation: You are partially covered in iridescent
                  | scales. (AC +2) [potion of mutation]
  6858 | D:7      | Gained mutation: You are frail. (-10% HP) [potion of
                  | mutation]
  6876 | D:7      | Noticed a purple ugly thing
  6877 | D:7      | Found a corrupted altar of Lugonu.
  6879 | D:7      | Noticed a salamander
  6879 | D:7      | Noticed a green ugly thing
  6879 | D:7      | Noticed a cyan ugly thing
  7557 | D:8      | Found a sand-covered staircase.
  7562 | Ossuary  | Entered an ossuary
  7692 | Ossuary  | Reached ***** piety under Trog
  7770 | Ossuary  | Reached skill level 11 in Maces & Flails
  8121 | D:8      | Lost mutation: You occasionally lose the ability to read
                  | scrolls when taking damage. [potion of mutation]
  8121 | D:8      | Lost mutation: You are partially covered in iridescent
                  | scales. (AC +2) [potion of mutation]
  8121 | D:8      | Lost mutation: You are frail. (-10% HP) [potion of
                  | mutation]
  8121 | D:8      | Gained mutation: You sometimes lose your temper in combat.
                  | [potion of mutation]
  8121 | D:8      | Gained mutation: Your movements are slightly less
                  | encumbered by armour. (ER -2) [potion of mutation]
  8185 | D:8      | Found a glowing golden altar of the Shining One.
  8283 | D:8      | Found a sparkling altar of Nemelex Xobeh.
  8310 | D:8      | Reached skill level 12 in Maces & Flails
  8680 | D:9      | Noticed a troll
  8686 | D:9      | Killed a troll
  8687 | D:9      | Reached XP level 10. HP: 90/90 MP: 9/9
  8865 | D:9      | Found a broken altar of Ashenzari.
  8942 | D:9      | Found a white marble altar of Elyvilon.
  8964 | D:9      | Identified the +9 dagger "Pockaces" {vorpal, rF++ Will-
                  | Int+4}
  8992 | D:9      | Received a gift from Trog
  9005 | D:9      | Noticed an obsidian statue
  9030 | D:9      | Identified the +0 leather armour "Vounum" {Rampage +Blink
                  | Int+3}
  9032 | D:9      | Found a burning altar of Makhleb.
  9060 | D:9      | Found Orerch Jyutaa's CLEARANCE SALE!.
  9069 | D:9      | Bought a scroll of brand weapon for 76 gold pieces
  9069 | D:9      | Bought a scroll of identify for 16 gold pieces
  9168 | D:9      | Found a basalt altar of Yredelemnul.
  9237 | D:9      | Found a faded altar of an unknown god.
  9237 | D:9      | Found a sacrificial altar of Ru.
  9245 | D:9      | Found a stormy altar of Qazlal.
  9247 | D:9      | Found an opulent altar of Gozag.
  9249 | D:9      | Found a blossoming altar of Fedhas.
  9405 | D:9      | Found a runed translucent door.
  9407 | D:9      | Noticed Radix's ghost (journeyman GrFi)
  9410 | D:9      | Identified the +2 trident of Rap Gawn {protect, rC++ rN+++
                  | Str-5 Dex-4}
  9585 | D:10     | Entered Level 10 of the Dungeon
  9626 | D:10     | Found a staircase to the Lair.
  9627 | D:10     | Noticed a death yak
  9627 | D:10     | Noticed a death yak
  9629 | D:10     | Noticed a death yak
  9640 | D:10     | Killed a death yak
  9645 | D:10     | Killed a death yak
  9646 | D:10     | Reached skill level 13 in Maces & Flails
  9648 | D:10     | Killed a death yak
  9731 | D:10     | Found a transporter.
  9734 | D:10     | Noticed an orc high priest
  9740 | D:10     | Found Gad Dimou's Armour Shoppe.
  9894 | Lair:1   | Entered Level 1 of the Lair of Beasts
  9895 | Lair:1   | Noticed a cane toad
  9895 | Lair:1   | Noticed a cane toad
  9901 | Lair:1   | Killed a cane toad
  9902 | Lair:1   | Reached skill level 10 in Fighting
  9902 | Lair:1   | Reached skill level 10 in Armour
  9903 | Lair:1   | Killed a cane toad
  9904 | Lair:1   | Reached skill level 14 in Maces & Flails
  9918 | Lair:1   | Noticed a cane toad
  9923 | Lair:1   | Killed a cane toad
  9965 | Lair:1   | Reached XP level 11. HP: 55/100 MP: 10/10
 10160 | Lair:1   | Noticed a death yak
 10163 | Lair:1   | Noticed a death yak
 10174 | Lair:1   | Killed a death yak
 10180 | Lair:1   | Killed a death yak
 10189 | Lair:1   | Reached skill level 15 in Maces & Flails
 10728 | Lair:1   | Noticed a four-headed hydra
 10745 | Lair:1   | Killed a four-headed hydra
 11146 | Lair:1   | Identified the -1 pair of boots "Famysecee" {Rampage Str+2}
 11211 | Lair:1   | Found a runed translucent door.
 11212 | Lair:1   | Noticed cowcol's ghost (novice DrBe)
 11303 | D:10     | Found Ziforaj's Weapon Emporium.
 11384 | D:10     | Noticed an orc sorcerer
 11386 | D:10     | Noticed an orc sorcerer
 11654 | D:10     | Found a staircase to the Orcish Mines.
 12213 | D:10     | Noticed a two-headed ogre
 12223 | D:10     | Killed a two-headed ogre
 12492 | D:10     | Found a transporter.
 13445 | D:11     | Noticed Erolcha
 13455 | D:11     | Killed Erolcha
 13610 | D:11     | Noticed a two-headed ogre
 13616 | D:11     | Killed a two-headed ogre
 13617 | D:11     | Reached skill level 16 in Maces & Flails
 13617 | D:11     | Reached XP level 12. HP: 89/111 MP: 11/11
 13897 | D:12     | Noticed a boulder beetle
 13917 | D:11     | Killed a boulder beetle
 13982 | D:12     | Found a broken altar of Ashenzari.
 13994 | D:12     | Noticed a two-headed ogre
 14001 | D:12     | Killed a two-headed ogre
 14026 | D:12     | Slain by an enormous slime creature

Illustrated notes

Levels and vault maps discovered:
D:1:      eino_arrival_tree_alley, layout_basic,
          hellmonk_ecumenical_altar_inner_sanctum, serial_shops,
          nicolae_shop_hallway_stairs
D:2:      layout_basic, serial_shops, nicolae_shop_bloodbath_and_beyond
D:3:      layout_rooms, serial_shops, nicolae_shop_crystal, shop_scrolls
D:4:      layout_cave_pools, gammafunk_temple_overflow_statue,
          nicolae_shop_i_like_big_books
D:5:      layout_gridville, nicolae_overflow_hidden_temple,
          minmay_temple_entry_enclosed_plants, corner_web_ring,
          minmay_checkerbox, uniq_duvessa
D:6:      layout_basic, minmay_ruined_shrine
D:7:      gammafunk_corrupted_shrine, layout_rooms, nicolae_shop_unique_rings
D:8:      layout_cave_pools, nemelex_spade_bored_becter,
          mainiacjoe_overflow_24_doors, nicolae_ossuary_entry_plus,
          minmay_misc_feat_square
D:9:      minmay_statue_hallways, layout_cave_pools, marbit_many_paths,
          mainiacjoe_overflow_small_starburst, lemuel_tele_altar,
          bloody_makhleb, chequers_temple_overflow_minitemple,
          ebering_ghost_funeral_grove, hangedman_glass_teeth,
          nicolae_shop_clearance
D:10:     gammafunk_wand_slinger, layout_irregular_city, dpeg_lair_monsters,
          serial_shops, kennysheep_mini, nicolae_diamond_shop
D:11:     layout_loops_ring, uniq_erolcha
D:12:     minmay_outward_triangles, layout_long_grid,
          ebering_ghost_disaster_area, ashenzari_altar_1, uniq_rupert
Lair:1:   layout_concentric_octagons, ebering_ghost_inner_flame

Skill      XL: |  1  2  3  4  5  6  7  8  9 10 11 12 |
---------------+-------------------------------------+-----
Maces & Flails | 4 6 7 8 9 12 14 16 | 16.2
Fighting       | 4 5 6 7 8 10 11 12 | 12.1
Armour         | 3 4 5 7 9 10 12 | 12.9
Dodging        | 3 4 |  4.8
Stealth        | 1 |  1.4
Evocations     | |  0.1

Action                   |  1- 3 |  4- 6 |  7- 9 | 10-12 || total
-------------------------+-------+-------+-------+-------++-------
Melee: Mace              |    80 |       |       |       ||    80
       Headbutt          |     8 |     8 |    51 |    65 ||   132
       Punch             |     2 |     2 |       |       ||     4
       Flail             |    11 |   113 |    94 |       ||   218
       Kick              |       |       |    24 |       ||    24
       Dire flail        |       |       |   221 |   297 ||   518
Invok: Berserk           |       |     1 |     2 |     1 ||     4
Evoke: Wand              |       |       |       |     1 ||     1
  Use: Potion            |       |     1 |     4 |     1 ||     6
       Scroll            |       |       |     3 |     8 ||    11
Armor: Ring mail         |    24 |    37 |    11 |       ||    72
       Crystal plate arm |       |       |   283 |   164 ||   447
       Skin              |       |       |       |    12 ||    12
Dodge: Dodged            |    43 |    78 |   153 |    78 ||   352
